 Dungeon Crawl Stone Soup version 0.31.0-11-ge490571c62 (webtiles) character file.

Game seed: 14361312591363408016

443 qw the Skirmisher (level 6, 1/1 HPs)
             Began as a Deep Elf Hunter on Feb 5, 2024.
             Quit the game on level 3 of the Dungeon.
             The game lasted 02:23:39 (29910 turns).

qw the Skirmisher (Deep Elf Hunter)                Turns: 29910, Time: 02:23:41

Health: 1/1        AC:  8    Str: 10    XL:     6   Next: 71%
Magic:  8/8        EV: 12    Int: 14    God:
Gold:   179        SH:  0    Dex: 24    Spells: 5/5 levels left

rFire   . . .        a - +1 shortbow
rCold   . . .        (shield currently unavailable)
rNeg    + . .        b - +0 ring mail of Caustic Wonder {rElec rPois rN+}
rPois   +            (no helmet)
rElec   +            c - +2 cloak
rCorr   .            (no gloves)
SInv    .            (no boots)
Will    .....        (no amulet)
Stlth   ++           e - +6 ring of dexterity
HPRegen 0.20/turn    (no ring)
MPRegen 0.11/turn

%: no passive effects
@: no status effects
A: no striking features
a: no special abilities


You were on level 3 of the Dungeon.
You visited 1 branch of the dungeon, and saw 5 of its levels.

You collected 179 gold pieces.


   Skills:
 - Level 2.2 Fighting
 - Level 10.1 Ranged Weapons
 + Level 0.0 Armour
 - Level 3.0 Dodging
 - Level 1.2 Stealth


You had 5 spell levels left.
You didn't know any spells.
Your spell library was empty.

Inventory:

Hand Weapons
 a - a +1 shortbow (weapon)
Armour
 b - the +0 ring mail of Caustic Wonder (worn) {rElec rPois rN+}
   (You found it on level 3 of the Dungeon)

   rElec:     It insulates you from electricity.
   rPois:     It protects you from poison rN+: It protects you from negative
   energy.
 c - a +2 cloak (worn)
Jewellery
 e - a +6 ring of dexterity (left hand)
 g - a ring of poison resistance
Wands
 i - a wand of polymorph (26)
Scrolls
 h - a scroll of teleportation
 k - a scroll of enchant armour
Potions
 d - a potion of resistance
 f - a potion of cancellation
 j - a potion of heal wounds {unknown}
 m - 3 potions of curing

Dungeon Overview and Level Annotations

Branches:
Dungeon (5/15)             Temple (0/1) D:5

Altars:
Hepliaklqana
Xom

Shops:
D:1 (=((*


Message History

You climb upwards.
There is a stone staircase leading down here.
You climb downwards.
There is a stone staircase leading up here.
Done exploring.
What level of the Dungeon? (default 3, ? - help)
You climb upwards.
There is a stone staircase leading down here.
You climb downwards.
There is a stone staircase leading up here.
Done exploring.
What level of the Dungeon? (default 3, ? - help)
You climb upwards.
There is a stone staircase leading down here.
You climb downwards.
There is a stone staircase leading up here.
Done exploring.
What level of the Dungeon? (default 3, ? - help)
You climb upwards.
There is a stone staircase leading down here.
You climb downwards.
There is a stone staircase leading up here.
Done exploring.
What level of the Dungeon? (default 3, ? - help)
You climb upwards.
There is a stone staircase leading down here.
You climb downwards.
There is a stone staircase leading up here.
Done exploring.
What level of the Dungeon? (default 3, ? - help)
You climb upwards.
There is a stone staircase leading down here.
You climb downwards.
There is a stone staircase leading up here.
Done exploring.
What level of the Dungeon? (default 3, ? - help)
You climb upwards.
Zot's power touches on you...
HP restored.
There is a stone staircase leading down here.
29910 ||| QUITTING!
Are you sure you want to abandon this character and quit the game? (Confirm with "yes".)

##...## ##.....## #.)....<#
#.......# #.......#
########.....## ######
######............####....#
##.)....#####...........####
#####...........@.......#####
.......##########.......#
...##### ##.....## ..#####
##....# ......## ####.##
......## #..##
......_########### ##..#
#..###.#.........# ##.#
##..##...........# #.#


There were no monsters in sight!

Vanquished Creatures
  A phantom (D:4)
  A scorpion (D:5)
  An orc priest (D:5)
  A hound (D:4)
  A sleepcap (D:5)
  Natasha (thrice) (D:2)
  4 adders
  4 gnolls (D:2)
  A dart slug (D:1)
  2 ribbon worms
  5 orcs
  7 endoplasms
  2 giant cockroaches (D:2)
  4 goblins
  11 hobgoblins
  2 jackals (D:4)
  2 quokkas
  9 ball pythons
  4 bats
  3 frilled lizards
  7 kobolds
  2 rats
77 creatures vanquished.

Notes
Turn   | Place    | Note
-------+----------+-------------------------------------------
     0 | D:1      | qw the Deep Elf Hunter began the quest for the Orb.
     0 | D:1      | Reached XP level 1. HP: 12/12 MP: 3/3
     0 | D:1      | 0 ||| qw: Version: 0.3-a-160-g6735b56
     0 | D:1      | 0 ||| qw: Game counter: 6537
     0 | D:1      | 0 ||| qw: Melee chars always use a shield: true
     0 | D:1      | 0 ||| qw: God list: Okawaru
     0 | D:1      | 0 ||| qw: Allow faded altars: false
     0 | D:1      | 0 ||| qw: Do Orc after clearing Dungeon:15 true
     0 | D:1      | 0 ||| qw: Do second Lair branch before Depths: true
     0 | D:1      | 0 ||| qw: Lair rune preference: random
     0 | D:1      | 0 ||| qw: Goals: Normal
     0 | D:1      | 0 ||| PLANNING D:1-11
    43 | D:1      | Found Oveanaf's Assorted Antiques.
    51 | D:1      | 51 ||| SHOPLISTING brown potion (22 gold, have 0).
    51 | D:1      | 51 ||| SHOPLISTING glowing inky potion (22 gold, have 0).
    51 | D:1      | 51 ||| SHOPLISTING pitted granite ring (125 gold, have 0).
    51 | D:1      | 51 ||| SHOPLISTING scroll labelled TEOQ EMMAMASS (25 gold,
                  | have 0).
    51 | D:1      | 51 ||| SHOPLISTING scroll labelled TUDO VEMUHOE (25 gold,
                  | have 0).
   167 | D:1      | Found Lokoemoq's Jewellery Emporium.
   175 | D:1      | 175 ||| SHOPLISTING +5 ring of evasion (432 gold, have 0).
   175 | D:1      | 175 ||| SHOPLISTING ring "Xestuckui" {rCorr Int+6} (475
                  | gold, have 0).
   175 | D:1      | 175 ||| SHOPLISTING ring of fire (300 gold, have 0).
   175 | D:1      | 175 ||| SHOPLISTING ring of see invisible (180 gold, have
                  | 0).
   175 | D:1      | 175 ||| SHOPLISTING ring of willpower (300 gold, have 0).
   186 | D:1      | Found Ockeipri's Weapon Boutique.
   196 | D:1      | 196 ||| UPGRADING to +0 ring mail.
   200 | D:1      | Reached XP level 2. HP: 16/16 MP: 4/4
   200 | D:1      | 200 ||| UPGRADING to +0 ring mail.
   210 | D:1      | 210 ||| DROPPING +0 leather armour.
   213 | D:1      | 213 ||| UPGRADING to +0 cloak.
   231 | D:1      | Reached skill level 6 in Ranged Weapons
   547 | D:1      | Found Kutho's Weapon Boutique.
   660 | D:1      | Found Hifiqyd's Weapon Emporium.
   669 | D:1      | 669 ||| SHOPLISTING +1 orcbow of draining (159 gold, have
                  | 18).
   707 | D:1      | 707 ||| UPGRADING to ring of poison resistance.
   708 | D:1      | 708 ||| READING scroll labelled ZOTIESKEMEO.
   709 | D:1      | 709 ||| READING scroll labelled ZOZXID OSEHE.
   710 | D:1      | 710 ||| READING scroll labelled TUDO VEMUHOE.
   710 | D:1      | 710 ||| IDENTIFYING amethyst potion
   711 | D:1      | 711 ||| DROPPING scroll of butterflies.
   712 | D:1      | 712 ||| DROPPING potion of invisibility.
   820 | D:2      | Reached XP level 3. HP: 20/20 MP: 5/5
   825 | D:2      | Found a shimmering altar of Xom.
   840 | D:2      | 840 ||| FLEEEEING.
   841 | D:2      | 841 ||| FLEEEEING.
   859 | D:2      | 859 ||| RETREEEEATING.
   860 | D:2      | 860 ||| RETREEEEATING.
   861 | D:2      | 861 ||| RETREEEEATING.
   862 | D:2      | 862 ||| RETREEEEATING.
   863 | D:2      | 863 ||| RETREEEEATING.
   871 | D:2      | Reached skill level 7 in Ranged Weapons
   880 | D:2      | HP: 5/20 [gnoll/+0 spear (3)]
   882 | D:2      | Reached XP level 4. HP: 6/25 MP: 6/6
   914 | D:2      | Noticed Natasha
   919 | D:2      | Killed Natasha
  1025 | D:2      | Noticed Natasha
  1028 | D:2      | Killed Natasha
  1029 | D:2      | Reached skill level 8 in Ranged Weapons
  1211 | D:2      | Reached XP level 5. HP: 29/29 MP: 7/7
  1245 | D:2      | Noticed Natasha
  1267 | D:2      | 1267 ||| FLEEEEING.
  1267 | D:2      | Killed Natasha
  1268 | D:2      | 1268 ||| FLEEEEING.
  1270 | D:2      | 1270 ||| FLEEEEING.
  1271 | D:2      | 1271 ||| FLEEEEING.
  1272 | D:2      | 1272 ||| FLEEEEING.
  1273 | D:2      | 1273 ||| FLEEEEING.
  1274 | D:2      | 1274 ||| FLEEEEING.
  1275 | D:2      | 1275 ||| FLEEEEING.
  1276 | D:2      | 1276 ||| FLEEEEING.
  1277 | D:2      | 1277 ||| FLEEEEING.
  1278 | D:2      | 1278 ||| FLEEEEING.
  1279 | D:2      | 1279 ||| FLEEEEING.
  1280 | D:2      | 1280 ||| FLEEEEING.
  1281 | D:2      | 1281 ||| FLEEEEING.
  1282 | D:2      | 1282 ||| FLEEEEING.
  1283 | D:2      | 1283 ||| FLEEEEING.
  1284 | D:2      | 1284 ||| FLEEEEING.
  1285 | D:2      | 1285 ||| FLEEEEING.
  1286 | D:2      | 1286 ||| FLEEEEING.
  1287 | D:2      | 1287 ||| FLEEEEING.
  1288 | D:2      | 1288 ||| FLEEEEING.
  1289 | D:2      | 1289 ||| FLEEEEING.
  1290 | D:2      | 1290 ||| FLEEEEING.
  1291 | D:2      | 1291 ||| FLEEEEING.
  1292 | D:2      | 1292 ||| FLEEEEING.
  1293 | D:2      | 1293 ||| FLEEEEING.
  1294 | D:2      | 1294 ||| FLEEEEING.
  1295 | D:2      | 1295 ||| FLEEEEING.
  1296 | D:2      | 1296 ||| FLEEEEING.
  1297 | D:2      | 1297 ||| FLEEEEING.
  1298 | D:2      | 1298 ||| STAIRDANCE
  1329 | D:1      | 1329 ||| READING scroll of identify.
  1329 | D:1      | 1329 ||| IDENTIFYING puce potion
  1330 | D:1      | 1330 ||| READING scroll labelled QOIPTI JAULUTI.
  1331 | D:1      | 1331 ||| READING scroll labelled SUDUCUG ANITZ.
  1334 | D:1      | 1334 ||| DROPPING potion of degeneration.
  1623 | D:3      | 1623 ||| STAIRDANCE
  1709 | D:3      | 1709 ||| STAIRDANCE
  1724 | D:3      | 1724 ||| STAIRDANCE
  1781 | D:3      | Identified the +0 ring mail of Caustic Wonder {rElec rPois
                  | rN+}
  1941 | D:3      | Reached skill level 9 in Ranged Weapons
  2006 | D:3      | Found a faded altar of an unknown god.
  2113 | D:3      | 2113 ||| UPGRADING to +0 ring mail of Caustic Wonder {rElec
                  | rPois rN+}.
  2123 | D:3      | 2123 ||| REMOVING ring of poison resistance.
  2124 | D:3      | 2124 ||| DROPPING +0 ring mail.
  2125 | D:3      | 2125 ||| READING scroll of identify.
  2125 | D:3      | 2125 ||| IDENTIFYING metallic ruby potion
  2287 | D:4      | Noticed a phantom
  2297 | D:4      | Killed a phantom
  2298 | D:4      | Reached XP level 6. HP: 14/35 MP: 8/8
  2547 | D:4      | Found a hazy altar of Hepliaklqana.
  2638 | D:4      | 2638 ||| UPGRADING to +6 ring of dexterity.
  2639 | D:4      | 2639 ||| READING scroll of identify.
  2639 | D:4      | 2639 ||| IDENTIFYING smoky dark potion
  2640 | D:4      | 2640 ||| READING scroll labelled BIYRGH WUSIUNK.
  2641 | D:4      | 2641 ||| READING scroll labelled KEZAGAE XAWNAA.
  2641 | D:4      | 2641 ||| ENCHANTING +0 shortbow.
  2642 | D:4      | 2642 ||| DRINKING 2 orange potions.
  2654 | D:5      | Entered Level 5 of the Dungeon
  2677 | D:5      | Reached skill level 3 in Dodging
  2868 | D:5      | Reached skill level 10 in Ranged Weapons
  2896 | D:5      | Found a staircase to the Ecumenical Temple.
  2897 | D:5      | 2897 ||| PLANNING TEMPLE
  2897 | D:5      | 2897 ||| READING 3 scrolls labelled REWOHE YMOA.
  2897 | D:5      | 2897 ||| ENCHANTING +0 cloak.
  2898 | D:5      | 2898 ||| READING 2 scrolls of enchant armour.
  2898 | D:5      | 2898 ||| ENCHANTING +1 cloak.
 23509 | D:3      | Glimpsed the power of Zot.
 23909 | D:3      | Glimpsed the power of Zot.
 24229 | D:3      | Glimpsed the power of Zot.
 24309 | D:3      | Touched by the power of Zot (MHP 35 -> 27)
 24310 | D:3      | Glimpsed the power of Zot.
 24710 | D:3      | Glimpsed the power of Zot.
 25030 | D:3      | Glimpsed the power of Zot.
 25109 | D:3      | Touched by the power of Zot (MHP 28 -> 21)
 25110 | D:3      | Glimpsed the power of Zot.
 25510 | D:3      | Glimpsed the power of Zot.
 25830 | D:3      | Glimpsed the power of Zot.
 25909 | D:3      | Touched by the power of Zot (MHP 23 -> 17)
 25910 | D:3      | Glimpsed the power of Zot.
 26310 | D:3      | Glimpsed the power of Zot.
 26630 | D:3      | Glimpsed the power of Zot.
 26709 | D:3      | Touched by the power of Zot (MHP 18 -> 12)
 26710 | D:3      | Glimpsed the power of Zot.
 27110 | D:3      | Glimpsed the power of Zot.
 27430 | D:3      | Glimpsed the power of Zot.
 27509 | D:3      | Touched by the power of Zot (MHP 13 -> 8)
 27510 | D:3      | Glimpsed the power of Zot.
 27910 | D:3      | Glimpsed the power of Zot.
 28230 | D:3      | Glimpsed the power of Zot.
 28309 | D:3      | Touched by the power of Zot (MHP 9 -> 5)
 28310 | D:3      | Glimpsed the power of Zot.
 28710 | D:3      | Glimpsed the power of Zot.
 29030 | D:3      | Glimpsed the power of Zot.
 29109 | D:3      | Touched by the power of Zot (MHP 6 -> 2)
 29110 | D:3      | Glimpsed the power of Zot.
 29510 | D:3      | Glimpsed the power of Zot.
 29830 | D:3      | Glimpsed the power of Zot.
 29909 | D:3      | Touched by the power of Zot (MHP 3 -> 1)
 29910 | D:3      | 29910 ||| QUITTING!
 29910 | D:3      | Quit the game

Levels and vault maps discovered:
D:1:      orjb1_lava_funnel, layout_basic, serial_shops, nicolae_diamond_shop,
          nicolae_lakefront_shop, nicolae_shop_scrapyard, shop, shop,
          minmay_tromino_i2
D:2:      layout_basic, basic_altar, serial_bayou_pond_b, roderic_lattice_a,
          uniq_natasha
D:3:      layout_rooms, ebering_ecumenical_altar_rust
D:4:      layout_rooms, lemuel_doored_altar
D:5:      layout_gridville, temple_doors_e, uniq_ijyb, uniq_edmund

Skill      XL: |  1  2  3  4  5  6 |
---------------+-------------------+-----
Ranged Weapons | 6 7 8 9 10 | 10.1
Fighting       | 2 |  2.2
Dodging        | 3 |  3.0
Stealth        | |  1.2

Action                     |  1- 3 |  4- 6 || total
---------------------------+-------+-------++-------
  Melee: Unarmed           |       |     1 ||     1
   Fire: Shortbow          |    87 |   172 ||   259
    Use: Scroll            |     3 |     9 ||    12
         Potion            |       |     1 ||     1
 Armour: Ring mail         |    18 |    60 ||    78
  Dodge: Dodged            |    14 |    51 ||    65

Table legend:
 A = Non-vault XP
 B = Vault XP
 C = Vault XP percentage of total XP
 D = Non-vault monster count
 E = Vault monster count
 F = Vault count percentage of total count
                 A         B        C        D         E       F
            +---------+---------+-------+---------+---------+-------
      Total |     594 |      39 |   6.2 |      73 |       4 |   5.2
            +---------+---------+-------+---------+---------+-------
        D:1 |      34 |       2 |   5.6 |      21 |       2 |   8.7
        D:2 |     168 |      37 |  18.0 |      16 |       2 |  11.1
        D:3 |      41 |       0 |   0.0 |      18 |       0 |   0.0
        D:4 |     179 |       0 |   0.0 |      12 |       0 |   0.0
        D:5 |     172 |       0 |   0.0 |       6 |       0 |   0.0
            +---------+---------+-------+---------+---------+-------
